General information
- name: BNet
- type: Ladder team game (AT/RT)
- host: Battle.net
- saver: FEETMEN
map: Friends
- players: 8
- length: 616:56
- speed: Fast
- version: 1.23 W3XP
- replay type: Public
» download(1302 KB)
Players
team 1 (loser)
Eat_Rice.Bltch (
green | 6 APM | 3829 actions | 616:53)
6 Mountain King
3 Storm Bolt
2 Bash
1 Avatar
7 Paladin
3 Holy Light
2 Divine Shield
2 Resurrection
3 Blood Mage
2 Siphon Mana
1 Flame Strike
» actions
| Assign group hotkey | 8 | |
| Basic commands | 39 | |
| Build / train | 303 | |
| Enter build submenu | 54 | |
| Enter hero's abilities submenu | 17 | |
| Give item / drop item | 1 | |
| Remove unit from queue | 10 | |
| Right click | 1857 | |
| Select / deselect | 1263 | |
| Select group hotkey | 3 | |
| Use ability | 269 | |
3829 total
» units
| Peasant | 65 | |
| Footman | 15 | |
| Priest | 6 | |
| Spell Breaker | 1 | |
| Knight | 5 | |
| Sorceress | 2 | |
| Goblin Zeppelin | 2 | |
| Siege Engine | 6 | |
| Flying Machine | 1 | |
| Mortar Team | 8 | |
| Goblin Sapper | 15 | |
| Dragonhawk Rider | 4 | |
| Goblin Shredder | 1 | |
| Crypt Fiend | 1 | |
| Ghoul | 3 | |
| Gryphon Rider | 12 | |
147 total
» upgrades
| Defend | 1 | |
| Swords | 3 | |
| Animal War Training | 1 | |
| Lumber Harvesting | 2 | |
| Priest Training | 2 | |
| Masonry | 3 | |
| Plating | 3 | |
| Gunpowder | 3 | |
| Barrage | 1 | |
| Flare | 1 | |
| Flak Cannons | 1 | |
| Flying Machine Bombs | 1 | |
| Sorceress Training | 2 | |
| Fragmentation Shards | 1 | |
| Cloud | 1 | |
| Storm Hammers | 1 | |
| Armor | 3 | |
| Burrow | 1 | |
| Exhume Corpses | 1 | |
| Magic Sentry | 1 | |
| Control Magic | 1 | |
34 total
» buildings
| Altar of Kings | 3 | |
| Farm | 18 | |
| Barracks | 3 | |
| Lumber Mill | 4 | |
| Arcane Vault | 3 | |
| Keep | 3 | |
| Blacksmith | 1 | |
| Castle | 2 | |
| Arcane Sanctum | 1 | |
| Town Hall | 11 | |
| Scout Tower | 9 | |
| Guard Tower | 3 | |
| Workshop | 3 | |
| Gryphon Aviary | 3 | |
67 total
» build order
00:14 Altar of Kings
00:20 Farm
00:30 Barracks
00:54 Farm
01:43 Lumber Mill
01:52 Farm
02:16 Arcane Vault
02:46 Farm
03:40 Farm
04:21 Keep
04:22 Keep
04:29 Blacksmith
05:27 Farm
05:37 Barracks
06:29 Barracks
06:54 Castle
06:54 Castle
06:59 Arcane Sanctum
07:51 Farm
12:24 Farm
12:25 Farm
12:54 Town Hall
13:02 Arcane Vault
16:37 Scout Tower
16:37 Scout Tower
16:41 Scout Tower
16:42 Scout Tower
17:27 Guard Tower
17:27 Guard Tower
17:35 Lumber Mill
17:52 Guard Tower
19:06 Workshop
19:07 Workshop
19:57 Farm
19:58 Farm
19:59 Farm
20:00 Farm
20:00 Farm
20:01 Farm
22:13 Workshop
24:52 Arcane Vault
25:36 Gryphon Aviary
26:13 Gryphon Aviary
26:15 Gryphon Aviary
38:41 Lumber Mill
41:29 Farm
45:14 Town Hall
49:52 Farm
49:54 Farm
51:20 Lumber Mill
55:33 Altar of Kings
55:35 Altar of Kings
58:11 Scout Tower
58:11 Scout Tower
58:13 Scout Tower
58:14 Scout Tower
58:15 Scout Tower
62:26 Town Hall
62:31 Town Hall
75:07 Town Hall
79:22 Town Hall
88:42 Town Hall
91:16 Town Hall
91:25 Town Hall
91:31 Town Hall
91:43 Town Hall
» items
| Lesser Clarity Potion | 8 | |
| Scroll of Regeneration | 1 | |
| Potion of Mana | 4 | |
| Orb of Fire | 3 | |
| Scroll of Town Portal | 2 | |
| Potion of Healing | 2 | |
20 total
ITOUCHMYSISTER. (
red | 16 APM | 5673 actions | 345:17)
7 Archmage
3 Blizzard
3 Brilliance Aura
1 Mass Teleport
4 Goblin Tinker
2 Pocket Factory
2 Engineering Upgrade
» actions
| Assign group hotkey | 59 | |
| Basic commands | 127 | |
| Build / train | 364 | |
| Enter build submenu | 64 | |
| Enter hero's abilities submenu | 11 | |
| Give item / drop item | 10 | |
| Right click | 1419 | |
| Select / deselect | 834 | |
| Select group hotkey | 1640 | |
| Use ability | 1145 | |
5673 total
» units
| Peasant | 43 | |
| Gryphon Rider | 10 | |
| Goblin Zeppelin | 4 | |
| Goblin Shredder | 2 | |
| Siege Engine | 2 | |
61 total
» upgrades
| Masonry | 3 | |
| Lumber Harvesting | 2 | |
| Swords | 3 | |
| Gunpowder | 3 | |
| Storm Hammers | 1 | |
| Armor | 2 | |
| Plating | 1 | |
15 total
» buildings
| Farm | 27 | |
| Altar of Kings | 1 | |
| Lumber Mill | 2 | |
| Scout Tower | 22 | |
| Keep | 1 | |
| Guard Tower | 7 | |
| Blacksmith | 22 | |
| Castle | 1 | |
| Gryphon Aviary | 2 | |
| Workshop | 1 | |
| Cannon Tower | 3 | |
| Town Hall | 3 | |
| Arcane Vault | 442 | |
534 total
» build order
00:11 Farm
00:32 Altar of Kings
01:00 Lumber Mill
01:32 Farm
01:34 Farm
01:59 Scout Tower
02:59 Keep
03:02 Guard Tower
03:08 Farm
03:10 Farm
03:11 Farm
03:12 Farm
03:13 Farm
03:14 Farm
03:59 Blacksmith
04:54 Scout Tower
04:55 Scout Tower
04:56 Scout Tower
04:57 Scout Tower
05:21 Castle
05:29 Gryphon Aviary
05:34 Gryphon Aviary
05:42 Guard Tower
06:22 Guard Tower
06:49 Scout Tower
06:50 Scout Tower
06:52 Scout Tower
06:54 Scout Tower
07:39 Workshop
08:46 Cannon Tower
09:00 Cannon Tower
11:12 Scout Tower
11:13 Scout Tower
11:13 Scout Tower
11:13 Scout Tower
12:02 Guard Tower
12:27 Guard Tower
12:46 Town Hall
14:01 Lumber Mill
14:12 Farm
14:13 Farm
14:13 Farm
14:14 Farm
14:14 Farm
16:01 Town Hall
16:14 Arcane Vault
18:11 Scout Tower
18:11 Scout Tower
18:11 Scout Tower
18:21 Scout Tower
18:22 Scout Tower
18:22 Scout Tower
18:23 Scout Tower
18:23 Scout Tower
19:27 Guard Tower
20:54 Guard Tower
23:07 Arcane Vault
23:10 Arcane Vault
23:11 Arcane Vault
23:13 Arcane Vault
23:15 Arcane Vault
23:16 Arcane Vault
23:17 Arcane Vault
23:19 Arcane Vault
23:20 Arcane Vault
23:21 Arcane Vault
23:22 Arcane Vault
23:23 Arcane Vault
23:24 Arcane Vault
23:25 Arcane Vault
23:29 Arcane Vault
23:31 Arcane Vault
23:33 Arcane Vault
23:35 Arcane Vault
23:35 Arcane Vault
23:36 Arcane Vault
23:36 Arcane Vault
23:38 Arcane Vault
23:39 Arcane Vault
23:40 Arcane Vault
23:41 Arcane Vault
23:42 Arcane Vault
23:43 Arcane Vault
23:46 Arcane Vault
23:46 Arcane Vault
24:30 Arcane Vault
24:31 Arcane Vault
24:33 Arcane Vault
24:34 Arcane Vault
24:35 Arcane Vault
24:35 Arcane Vault
24:37 Arcane Vault
24:38 Arcane Vault
24:39 Arcane Vault
24:39 Arcane Vault
24:41 Arcane Vault
24:42 Arcane Vault
24:43 Arcane Vault
24:44 Arcane Vault
24:45 Arcane Vault
24:45 Arcane Vault
24:47 Arcane Vault
24:47 Arcane Vault
29:02 Arcane Vault
29:03 Arcane Vault
31:11 Arcane Vault
31:13 Arcane Vault
31:14 Arcane Vault
31:16 Arcane Vault
31:17 Arcane Vault
31:19 Arcane Vault
31:22 Arcane Vault
31:22 Arcane Vault
31:24 Arcane Vault
31:25 Arcane Vault
31:26 Arcane Vault
31:27 Arcane Vault
31:28 Arcane Vault
31:28 Arcane Vault
31:29 Arcane Vault
31:30 Arcane Vault
31:31 Arcane Vault
31:31 Arcane Vault
31:33 Arcane Vault
31:34 Arcane Vault
31:35 Arcane Vault
31:35 Arcane Vault
31:36 Arcane Vault
31:37 Arcane Vault
31:38 Arcane Vault
31:38 Arcane Vault
31:39 Arcane Vault
31:41 Arcane Vault
31:43 Arcane Vault
31:44 Arcane Vault
31:45 Arcane Vault
31:47 Arcane Vault
31:48 Arcane Vault
31:55 Arcane Vault
31:56 Arcane Vault
31:57 Arcane Vault
31:57 Arcane Vault
31:59 Arcane Vault
32:00 Arcane Vault
34:18 Arcane Vault
34:19 Arcane Vault
34:20 Arcane Vault
34:24 Arcane Vault
34:27 Arcane Vault
34:28 Arcane Vault
37:32 Arcane Vault
37:33 Arcane Vault
37:34 Arcane Vault
38:17 Arcane Vault
38:18 Arcane Vault
38:19 Arcane Vault
38:19 Arcane Vault
38:20 Arcane Vault
38:21 Arcane Vault
38:29 Arcane Vault
38:30 Arcane Vault
38:30 Arcane Vault
38:33 Arcane Vault
38:34 Arcane Vault
38:35 Arcane Vault
38:36 Arcane Vault
38:37 Arcane Vault
38:38 Arcane Vault
38:39 Arcane Vault
38:41 Arcane Vault
38:51 Cannon Tower
40:36 Arcane Vault
40:37 Arcane Vault
40:39 Arcane Vault
40:40 Arcane Vault
40:41 Arcane Vault
40:42 Arcane Vault
41:02 Arcane Vault
41:29 Arcane Vault
41:30 Arcane Vault
41:32 Arcane Vault
41:34 Arcane Vault
41:35 Arcane Vault
41:36 Arcane Vault
41:37 Arcane Vault
41:37 Arcane Vault
41:38 Arcane Vault
41:40 Arcane Vault
41:42 Arcane Vault
41:43 Arcane Vault
41:44 Arcane Vault
41:45 Arcane Vault
41:46 Arcane Vault
41:47 Arcane Vault
41:48 Arcane Vault
41:48 Arcane Vault
41:50 Arcane Vault
41:50 Arcane Vault
41:51 Arcane Vault
41:52 Arcane Vault
41:54 Arcane Vault
41:54 Arcane Vault
41:56 Arcane Vault
41:58 Arcane Vault
41:58 Arcane Vault
41:59 Arcane Vault
42:00 Arcane Vault
42:01 Arcane Vault
42:02 Arcane Vault
42:02 Arcane Vault
42:05 Arcane Vault
42:06 Arcane Vault
42:06 Arcane Vault
42:08 Arcane Vault
42:08 Arcane Vault
42:10 Arcane Vault
42:10 Arcane Vault
42:11 Arcane Vault
42:12 Arcane Vault
42:12 Arcane Vault
42:17 Arcane Vault
42:18 Arcane Vault
42:18 Arcane Vault
42:19 Arcane Vault
42:20 Arcane Vault
42:21 Arcane Vault
42:22 Arcane Vault
42:23 Arcane Vault
42:24 Arcane Vault
42:24 Arcane Vault
42:26 Arcane Vault
42:26 Arcane Vault
42:28 Arcane Vault
42:29 Arcane Vault
42:32 Arcane Vault
44:08 Arcane Vault
44:09 Arcane Vault
44:10 Arcane Vault
44:12 Arcane Vault
44:13 Arcane Vault
44:14 Arcane Vault
44:15 Arcane Vault
44:16 Arcane Vault
52:16 Arcane Vault
52:17 Arcane Vault
52:18 Arcane Vault
52:19 Arcane Vault
52:20 Arcane Vault
52:21 Arcane Vault
52:34 Arcane Vault
52:35 Arcane Vault
52:36 Arcane Vault
52:37 Arcane Vault
52:38 Arcane Vault
52:39 Arcane Vault
52:41 Arcane Vault
52:45 Arcane Vault
52:47 Arcane Vault
52:48 Arcane Vault
52:49 Arcane Vault
52:50 Arcane Vault
52:51 Arcane Vault
52:53 Arcane Vault
52:54 Arcane Vault
52:56 Arcane Vault
54:00 Arcane Vault
54:12 Arcane Vault
54:13 Arcane Vault
54:14 Arcane Vault
54:15 Arcane Vault
54:17 Arcane Vault
54:19 Arcane Vault
54:23 Arcane Vault
54:24 Arcane Vault
54:25 Arcane Vault
54:26 Arcane Vault
54:27 Arcane Vault
54:27 Arcane Vault
54:28 Arcane Vault
54:29 Arcane Vault
54:30 Arcane Vault
54:31 Arcane Vault
54:32 Arcane Vault
54:34 Arcane Vault
54:36 Arcane Vault
54:38 Arcane Vault
54:39 Arcane Vault
54:41 Arcane Vault
54:42 Arcane Vault
54:43 Arcane Vault
54:44 Arcane Vault
54:45 Arcane Vault
54:46 Arcane Vault
54:47 Arcane Vault
54:47 Arcane Vault
54:48 Arcane Vault
54:50 Arcane Vault
55:30 Arcane Vault
56:35 Arcane Vault
56:42 Arcane Vault
56:43 Arcane Vault
56:44 Arcane Vault
56:45 Arcane Vault
56:48 Arcane Vault
56:51 Arcane Vault
56:52 Arcane Vault
56:56 Arcane Vault
56:57 Arcane Vault
56:58 Arcane Vault
57:00 Arcane Vault
57:02 Arcane Vault
57:03 Arcane Vault
57:04 Arcane Vault
57:05 Arcane Vault
57:06 Arcane Vault
57:06 Arcane Vault
57:08 Arcane Vault
57:10 Arcane Vault
57:11 Arcane Vault
57:12 Arcane Vault
57:12 Arcane Vault
57:13 Arcane Vault
57:15 Arcane Vault
57:16 Arcane Vault
57:17 Arcane Vault
57:18 Arcane Vault
57:20 Arcane Vault
58:33 Arcane Vault
58:34 Arcane Vault
60:28 Arcane Vault
60:29 Arcane Vault
60:31 Arcane Vault
60:33 Arcane Vault
60:34 Arcane Vault
60:35 Arcane Vault
60:37 Arcane Vault
60:39 Arcane Vault
60:40 Arcane Vault
60:40 Arcane Vault
60:42 Arcane Vault
60:42 Arcane Vault
60:43 Arcane Vault
60:44 Arcane Vault
60:45 Arcane Vault
60:45 Arcane Vault
60:46 Arcane Vault
60:48 Arcane Vault
60:49 Arcane Vault
60:50 Arcane Vault
60:50 Arcane Vault
60:51 Arcane Vault
60:52 Arcane Vault
60:52 Arcane Vault
60:53 Arcane Vault
60:53 Arcane Vault
72:20 Arcane Vault
72:21 Arcane Vault
72:24 Arcane Vault
72:25 Arcane Vault
72:26 Arcane Vault
72:26 Arcane Vault
72:27 Arcane Vault
72:28 Arcane Vault
72:30 Arcane Vault
72:31 Arcane Vault
72:31 Arcane Vault
72:32 Arcane Vault
72:33 Arcane Vault
72:34 Arcane Vault
72:34 Arcane Vault
72:35 Arcane Vault
72:36 Arcane Vault
72:37 Arcane Vault
72:38 Arcane Vault
72:39 Arcane Vault
72:40 Arcane Vault
72:42 Arcane Vault
72:44 Arcane Vault
72:47 Arcane Vault
72:48 Arcane Vault
72:49 Arcane Vault
72:51 Arcane Vault
72:51 Arcane Vault
72:52 Arcane Vault
72:53 Arcane Vault
72:54 Arcane Vault
72:56 Arcane Vault
72:58 Arcane Vault
73:01 Arcane Vault
73:02 Arcane Vault
73:04 Arcane Vault
73:05 Arcane Vault
73:06 Arcane Vault
73:06 Arcane Vault
73:08 Arcane Vault
73:09 Arcane Vault
73:10 Arcane Vault
73:13 Arcane Vault
74:16 Arcane Vault
74:24 Arcane Vault
74:27 Arcane Vault
74:30 Arcane Vault
74:33 Arcane Vault
74:35 Arcane Vault
74:36 Arcane Vault
74:38 Arcane Vault
74:38 Arcane Vault
74:40 Arcane Vault
74:41 Arcane Vault
74:41 Arcane Vault
74:42 Arcane Vault
80:48 Arcane Vault
80:49 Arcane Vault
80:50 Arcane Vault
80:51 Arcane Vault
80:52 Arcane Vault
80:53 Arcane Vault
80:54 Arcane Vault
80:56 Arcane Vault
80:56 Arcane Vault
80:57 Arcane Vault
80:57 Arcane Vault
80:58 Arcane Vault
82:54 Arcane Vault
82:56 Arcane Vault
82:57 Arcane Vault
82:58 Arcane Vault
82:59 Arcane Vault
83:01 Arcane Vault
83:02 Arcane Vault
83:04 Arcane Vault
83:05 Arcane Vault
85:17 Arcane Vault
85:19 Arcane Vault
85:23 Arcane Vault
85:25 Arcane Vault
85:26 Arcane Vault
85:29 Arcane Vault
85:30 Arcane Vault
85:31 Arcane Vault
85:33 Arcane Vault
85:37 Arcane Vault
85:40 Arcane Vault
89:07 Arcane Vault
89:08 Arcane Vault
89:10 Arcane Vault
89:11 Arcane Vault
89:12 Arcane Vault
89:14 Arcane Vault
89:15 Arcane Vault
89:17 Arcane Vault
89:19 Arcane Vault
89:19 Arcane Vault
89:21 Arcane Vault
89:21 Arcane Vault
89:22 Arcane Vault
91:21 Arcane Vault
91:23 Arcane Vault
91:24 Arcane Vault
91:26 Arcane Vault
91:27 Arcane Vault
91:29 Arcane Vault
91:30 Arcane Vault
95:15 Farm
95:17 Farm
95:18 Farm
95:20 Farm
95:21 Farm
95:22 Farm
95:23 Farm
95:24 Farm
95:25 Farm
95:26 Farm
95:27 Farm
96:31 Farm
96:33 Farm
104:19 Arcane Vault
104:19 Arcane Vault
104:21 Arcane Vault
105:13 Arcane Vault
105:14 Arcane Vault
105:16 Arcane Vault
105:17 Arcane Vault
105:42 Arcane Vault
105:43 Arcane Vault
105:47 Arcane Vault
105:49 Arcane Vault
105:49 Arcane Vault
105:51 Arcane Vault
105:52 Arcane Vault
105:53 Arcane Vault
105:54 Arcane Vault
105:54 Arcane Vault
111:08 Arcane Vault
111:08 Arcane Vault
111:10 Arcane Vault
111:11 Arcane Vault
111:12 Arcane Vault
111:13 Arcane Vault
111:15 Arcane Vault
111:16 Arcane Vault
111:16 Arcane Vault
111:17 Arcane Vault
111:18 Arcane Vault
111:19 Arcane Vault
111:19 Arcane Vault
111:20 Arcane Vault
111:21 Arcane Vault
111:21 Arcane Vault
116:29 Town Hall
116:50 Arcane Vault
116:57 Arcane Vault
126:56 Blacksmith
126:59 Blacksmith
127:01 Blacksmith
127:04 Blacksmith
127:06 Blacksmith
127:07 Blacksmith
127:09 Blacksmith
127:17 Blacksmith
127:21 Blacksmith
127:25 Blacksmith
127:33 Blacksmith
127:35 Blacksmith
127:37 Blacksmith
127:40 Blacksmith
127:42 Blacksmith
127:44 Blacksmith
127:49 Blacksmith
129:13 Blacksmith
129:17 Blacksmith
129:19 Blacksmith
132:53 Blacksmith
» items
| Scroll of Regeneration | 9 | |
| Lesser Clarity Potion | 1 | |
| Staff of Sanctuary | 1 | |
| Orb of Fire | 1 | |
| Scroll of Town Portal | 2 | |
| Potion of Healing | 4 | |
| Stone Token | 1 | |
| Mechanical Critter | 244 | |
263 total
ijoinandleave (
blue | 2 APM | 1343 actions | 616:53)
5 Mountain King
3 Storm Bolt
2 Bash
» actions
| Assign group hotkey | 16 | |
| Basic commands | 200 | |
| Build / train | 49 | |
| Enter build submenu | 20 | |
| Enter hero's abilities submenu | 5 | |
| Remove unit from queue | 3 | |
| Right click | 243 | |
| Select / deselect | 386 | |
| Select group hotkey | 369 | |
| Use ability | 49 | |
1343 total
» units
» upgrades
| Defend | 1 | |
| Lumber Harvesting | 2 | |
| Swords | 3 | |
| Animal War Training | 1 | |
| Priest Training | 2 | |
| Sorceress Training | 2 | |
| Armor | 0 | |
| Plating | 1 | |
| Masonry | 0 | |
12 total
» buildings
| Altar of Kings | 1 | |
| Farm | 8 | |
| Barracks | 1 | |
| Lumber Mill | 1 | |
| Keep | 1 | |
| Arcane Vault | 1 | |
| Blacksmith | 1 | |
| Castle | 1 | |
| Arcane Sanctum | 2 | |
17 total
» build order
00:07 Altar of Kings
00:09 Farm
00:42 Farm
00:49 Barracks
01:04 Farm
01:07 Lumber Mill
01:49 Farm
02:57 Keep
03:06 Arcane Vault
04:23 Blacksmith
05:27 Castle
06:30 Arcane Sanctum
06:33 Arcane Sanctum
09:53 Farm
09:54 Farm
09:56 Farm
09:57 Farm
» items
| Scroll of Regeneration | 7 | |
| Orb of Fire | 1 | |
| Orb of Corruption | 1 | |
| Potion of Healing | 1 | |
| Potion of Mana | 1 | |
11 total
OnyxCharm (
pink | 32 APM | 1793 actions | 56:26)
3 Dreadlord
1 Sleep
2 Vampiric Aura
3 Death Knight
2 Unholy Aura
1 Death Coil
» actions
| Assign group hotkey | 11 | |
| Basic commands | 30 | |
| Build / train | 110 | |
| Enter build submenu | 31 | |
| Enter hero's abilities submenu | 6 | |
| Remove unit from queue | 1 | |
| Right click | 752 | |
| Select / deselect | 511 | |
| Select group hotkey | 278 | |
| Use ability | 63 | |
1793 total
» units
| Acolyte | 25 | |
| Ghoul | 4 | |
| Abomination | 10 | |
| Crypt Fiend | 27 | |
| Goblin Zeppelin | 1 | |
| Meatwagon | 2 | |
| Obsidian Statue | 2 | |
71 total
» upgrades
| Unholy Strength | 3 | |
| Unholy Armor | 4 | |
| Disease Cloud | 1 | |
| Web | 1 | |
| Creature Attack | 2 | |
| Creature Carapace | 2 | |
13 total
» buildings
| Altar of Darkness | 1 | |
| Crypt | 2 | |
| Ziggurat | 15 | |
| Nerubian Tower | 3 | |
| Graveyard | 2 | |
| Halls of the Dead | 1 | |
| Tomb of Relics | 1 | |
| Spirit Tower | 9 | |
| Black Citadel | 1 | |
| Slaughterhouse | 3 | |
| Sacrificial Pit | 1 | |
39 total
» build order
00:13 Altar of Darkness
00:22 Crypt
00:31 Ziggurat
01:42 Nerubian Tower
01:59 Graveyard
03:41 Ziggurat
03:48 Halls of the Dead
04:19 Tomb of Relics
04:38 Ziggurat
04:40 Spirit Tower
05:36 Spirit Tower
07:39 Black Citadel
07:48 Slaughterhouse
07:55 Slaughterhouse
08:01 Sacrificial Pit
09:38 Slaughterhouse
12:08 Ziggurat
15:33 Ziggurat
15:43 Ziggurat
15:45 Ziggurat
20:42 Ziggurat
20:45 Spirit Tower
20:48 Ziggurat
21:17 Ziggurat
21:27 Ziggurat
32:25 Ziggurat
32:36 Ziggurat
32:46 Ziggurat
32:51 Ziggurat
33:24 Spirit Tower
36:49 Graveyard
46:32 Spirit Tower
46:33 Nerubian Tower
46:35 Spirit Tower
46:39 Nerubian Tower
51:04 Crypt
51:44 Spirit Tower
53:40 Spirit Tower
53:42 Spirit Tower
» items
| Orb of Corruption | 1 | |
| Sacrificial Skull | 2 | |
3 total
team 2 (winner)
Z0O (
purple | 30 APM | 2516 actions | 84:13)
2 Dark Ranger
1 Black Arrow
1 Life Drain
» actions
| Assign group hotkey | 4 | |
| Basic commands | 26 | |
| Build / train | 79 | |
| ESC pressed | 3 | |
| Enter build submenu | 45 | |
| Enter hero's abilities submenu | 3 | |
| Remove unit from queue | 3 | |
| Right click | 1322 | |
| Select / deselect | 608 | |
| Select group hotkey | 325 | |
| Use ability | 97 | |
2516 total
» units
| Wisp | 53 | |
| Goblin Zeppelin | 7 | |
| Goblin Shredder | 2 | |
| Goblin Sapper | 1 | |
| Hippogryph | 8 | |
71 total
» upgrades
» buildings
| Ancient of War | 30 | |
| Moon Well | 2 | |
| Altar of Elders | 1 | |
| Tree of Life | 4 | |
| Tree of Ages | 1 | |
| Ancient of Wind | 3 | |
41 total
» build order
00:13 Ancient of War
00:22 Moon Well
03:56 Altar of Elders
29:48 Ancient of War
30:03 Tree of Life
35:11 Tree of Life
38:52 Tree of Life
59:12 Tree of Ages
65:26 Ancient of War
65:28 Ancient of War
65:30 Ancient of War
65:32 Ancient of War
65:33 Ancient of War
65:35 Ancient of War
65:37 Ancient of War
65:39 Ancient of War
65:41 Ancient of War
67:18 Ancient of War
67:19 Ancient of War
67:22 Ancient of War
67:24 Ancient of War
67:25 Ancient of War
68:29 Ancient of War
68:33 Ancient of War
68:34 Ancient of War
68:36 Ancient of War
68:38 Ancient of War
68:39 Ancient of War
68:40 Ancient of War
68:42 Ancient of War
68:55 Ancient of War
69:31 Ancient of War
69:32 Ancient of War
69:34 Ancient of War
69:37 Ancient of War
70:04 Ancient of Wind
70:07 Ancient of Wind
70:08 Ancient of Wind
71:47 Moon Well
76:38 Tree of Life
80:59 Ancient of War
FEETMEN (
yellow | 16 APM | 9581 actions | 616:55)
10 Mountain King
3 Storm Bolt
3 Bash
1 Avatar
3 Thunder Clap
2 Lich
2 Death and Decay
» actions
| Assign group hotkey | 153 | |
| Basic commands | 144 | |
| Build / train | 356 | |
| ESC pressed | 17 | |
| Enter build submenu | 382 | |
| Enter hero's abilities submenu | 11 | |
| Give item / drop item | 5 | |
| Right click | 3857 | |
| Select / deselect | 1727 | |
| Select group hotkey | 1907 | |
| Use ability | 1022 | |
9581 total
» units
| Peasant | 36 | |
| Flying Machine | 18 | |
| Goblin Zeppelin | 17 | |
| Goblin Shredder | 5 | |
| Dragonhawk Rider | 2 | |
| Mortar Team | 1 | |
| Gryphon Rider | 4 | |
| Siege Engine | 10 | |
| Goblin Sapper | 5 | |
98 total
» upgrades
| Masonry | 3 | |
| Lumber Harvesting | 2 | |
| Flak Cannons | 1 | |
| Flying Machine Bombs | 1 | |
| Magic Sentry | 1 | |
| Gunpowder | 3 | |
| Plating | 3 | |
| Cloud | 1 | |
| Storm Hammers | 1 | |
| Armor | 3 | |
| Animal War Training | 1 | |
| Swords | 3 | |
| Fragmentation Shards | 1 | |
| Flare | 1 | |
| Backpack | 1 | |
26 total
» buildings
| Altar of Kings | 1 | |
| Farm | 191 | |
| Lumber Mill | 15 | |
| Scout Tower | 527 | |
| Guard Tower | 155 | |
| Town Hall | 6 | |
| Keep | 1 | |
| Blacksmith | 1 | |
| Arcane Vault | 1 | |
| Castle | 3 | |
| Workshop | 4 | |
| Arcane Sanctum | 1 | |
| Gryphon Aviary | 4 | |
| Barracks | 1 | |
| Cannon Tower | 33 | |
| Ancient of War | 10 | |
954 total
» build order
00:46 Altar of Kings
01:24 Farm
01:27 Farm
01:52 Farm
02:02 Lumber Mill
02:30 Scout Tower
02:33 Scout Tower
02:39 Scout Tower
03:03 Scout Tower
03:05 Guard Tower
03:05 Guard Tower
03:05 Guard Tower
03:07 Guard Tower
03:07 Guard Tower
03:13 Scout Tower
03:31 Guard Tower
03:35 Scout Tower
03:40 Guard Tower
03:40 Guard Tower
03:56 Scout Tower
04:04 Guard Tower
04:07 Scout Tower
04:43 Town Hall
05:07 Guard Tower
05:12 Scout Tower
05:14 Scout Tower
05:29 Farm
05:32 Farm
05:55 Guard Tower
06:26 Scout Tower
06:29 Keep
07:37 Blacksmith
07:42 Farm
07:45 Guard Tower
08:11 Scout Tower
08:12 Scout Tower
08:14 Scout Tower
08:16 Scout Tower
08:18 Scout Tower
08:19 Scout Tower
08:50 Guard Tower
08:58 Guard Tower
09:00 Guard Tower
09:01 Guard Tower
09:11 Scout Tower
09:12 Scout Tower
09:14 Scout Tower
09:15 Scout Tower
09:27 Arcane Vault
09:43 Castle
09:43 Castle
09:44 Castle
10:00 Guard Tower
11:30 Workshop
11:32 Workshop
11:34 Workshop
11:35 Workshop
14:45 Farm
14:47 Farm
16:06 Arcane Sanctum
25:17 Gryphon Aviary
25:23 Gryphon Aviary
25:29 Gryphon Aviary
25:32 Gryphon Aviary
27:29 Barracks
29:10 Farm
29:11 Farm
29:11 Farm
29:12 Farm
29:13 Farm
29:44 Lumber Mill
32:42 Scout Tower
32:43 Scout Tower
32:44 Scout Tower
32:45 Scout Tower
32:47 Scout Tower
32:49 Scout Tower
32:50 Scout Tower
32:55 Scout Tower
32:57 Scout Tower
32:58 Scout Tower
35:21 Cannon Tower
37:53 Scout Tower
37:56 Scout Tower
37:58 Scout Tower
38:00 Scout Tower
38:01 Scout Tower
38:02 Scout Tower
38:06 Scout Tower
38:27 Cannon Tower
41:14 Scout Tower
41:16 Scout Tower
41:32 Cannon Tower
41:34 Scout Tower
41:36 Cannon Tower
42:07 Cannon Tower
42:19 Guard Tower
42:21 Cannon Tower
42:29 Scout Tower
43:19 Town Hall
51:20 Town Hall
55:00 Farm
56:34 Town Hall
58:30 Farm
58:31 Farm
63:53 Scout Tower
63:53 Scout Tower
63:54 Scout Tower
64:03 Scout Tower
64:03 Scout Tower
64:04 Scout Tower
64:04 Scout Tower
64:06 Scout Tower
64:06 Scout Tower
64:07 Scout Tower
64:07 Scout Tower
64:08 Scout Tower
64:09 Scout Tower
64:09 Scout Tower
64:16 Scout Tower
64:16 Scout Tower
64:17 Scout Tower
64:18 Scout Tower
64:18 Scout Tower
64:18 Scout Tower
64:34 Scout Tower
64:36 Scout Tower
64:37 Scout Tower
64:38 Scout Tower
64:38 Scout Tower
64:39 Scout Tower
64:39 Scout Tower
64:40 Scout Tower
64:41 Scout Tower
64:41 Scout Tower
64:42 Scout Tower
64:42 Scout Tower
64:43 Scout Tower
64:43 Scout Tower
64:44 Scout Tower
64:44 Scout Tower
64:45 Scout Tower
64:45 Scout Tower
64:54 Guard Tower
65:04 Guard Tower
65:17 Guard Tower
65:36 Guard Tower
65:39 Guard Tower
66:05 Guard Tower
66:12 Guard Tower
66:13 Guard Tower
66:15 Scout Tower
66:15 Scout Tower
66:17 Scout Tower
66:17 Scout Tower
66:31 Guard Tower
66:34 Guard Tower
66:48 Guard Tower
66:53 Scout Tower
66:54 Scout Tower
66:55 Scout Tower
66:56 Scout Tower
66:57 Scout Tower
66:57 Scout Tower
66:58 Scout Tower
66:59 Scout Tower
67:00 Scout Tower
67:00 Scout Tower
67:00 Scout Tower
67:01 Scout Tower
67:02 Scout Tower
67:02 Scout Tower
67:03 Scout Tower
67:04 Scout Tower
67:05 Scout Tower
67:05 Scout Tower
67:06 Scout Tower
67:07 Scout Tower
67:08 Scout Tower
67:09 Scout Tower
67:09 Scout Tower
67:11 Scout Tower
67:13 Scout Tower
67:14 Scout Tower
67:14 Scout Tower
67:15 Scout Tower
67:17 Scout Tower
67:18 Scout Tower
67:19 Scout Tower
67:19 Scout Tower
67:20 Scout Tower
67:21 Scout Tower
67:21 Scout Tower
67:22 Scout Tower
67:22 Scout Tower
67:23 Scout Tower
67:23 Scout Tower
67:24 Scout Tower
67:25 Scout Tower
67:25 Scout Tower
67:26 Scout Tower
67:26 Scout Tower
67:28 Scout Tower
67:28 Scout Tower
67:29 Scout Tower
67:29 Scout Tower
67:30 Scout Tower
67:30 Scout Tower
67:30 Scout Tower
67:31 Scout Tower
67:31 Scout Tower
67:32 Scout Tower
67:33 Scout Tower
67:33 Scout Tower
67:34 Scout Tower
67:35 Scout Tower
68:07 Guard Tower
68:09 Guard Tower
68:36 Guard Tower
68:38 Guard Tower
68:52 Guard Tower
69:06 Guard Tower
69:40 Guard Tower
69:47 Guard Tower
69:49 Guard Tower
69:54 Scout Tower
69:56 Scout Tower
69:57 Scout Tower
69:58 Scout Tower
69:59 Scout Tower
70:00 Scout Tower
70:29 Guard Tower
71:01 Guard Tower
71:07 Guard Tower
71:10 Scout Tower
71:11 Scout Tower
71:12 Scout Tower
71:13 Scout Tower
71:13 Scout Tower
71:14 Scout Tower
71:15 Scout Tower
71:15 Scout Tower
71:16 Scout Tower
71:17 Scout Tower
71:18 Scout Tower
71:18 Scout Tower
71:19 Scout Tower
71:19 Scout Tower
71:20 Scout Tower
71:21 Scout Tower
71:21 Scout Tower
71:22 Scout Tower
71:23 Scout Tower
71:24 Scout Tower
71:25 Scout Tower
71:26 Scout Tower
71:26 Scout Tower
71:27 Scout Tower
71:27 Scout Tower
71:28 Scout Tower
71:28 Scout Tower
71:29 Scout Tower
71:29 Scout Tower
71:30 Scout Tower
71:31 Scout Tower
71:32 Scout Tower
71:32 Scout Tower
71:33 Scout Tower
71:33 Scout Tower
71:34 Scout Tower
71:35 Scout Tower
71:35 Scout Tower
71:35 Scout Tower
71:37 Scout Tower
71:37 Scout Tower
71:39 Scout Tower
71:40 Scout Tower
71:42 Scout Tower
71:44 Scout Tower
71:45 Scout Tower
71:48 Scout Tower
71:49 Scout Tower
71:51 Scout Tower
71:52 Scout Tower
71:53 Scout Tower
71:54 Scout Tower
71:55 Scout Tower
71:56 Scout Tower
71:56 Scout Tower
71:58 Scout Tower
71:58 Scout Tower
72:00 Scout Tower
72:04 Guard Tower
72:37 Lumber Mill
72:41 Guard Tower
72:55 Guard Tower
72:59 Guard Tower
73:00 Guard Tower
73:18 Guard Tower
73:26 Guard Tower
73:37 Scout Tower
73:38 Scout Tower
73:39 Scout Tower
73:40 Scout Tower
73:40 Scout Tower
73:41 Scout Tower
73:49 Guard Tower
73:57 Guard Tower
73:57 Guard Tower
74:53 Guard Tower
75:00 Guard Tower
75:16 Guard Tower
75:16 Guard Tower
75:18 Guard Tower
75:25 Guard Tower
75:25 Guard Tower
75:28 Guard Tower
75:42 Guard Tower
75:55 Guard Tower
76:03 Guard Tower
76:35 Town Hall
76:42 Guard Tower
76:44 Guard Tower
77:09 Town Hall
77:18 Guard Tower
79:56 Lumber Mill
86:24 Lumber Mill
98:01 Ancient of War
98:03 Ancient of War
98:04 Ancient of War
98:05 Ancient of War
98:06 Ancient of War
98:08 Ancient of War
98:10 Ancient of War
98:14 Ancient of War
98:15 Ancient of War
98:24 Ancient of War
99:53 Farm
99:56 Farm
99:57 Farm
99:58 Farm
100:00 Farm
100:03 Farm
100:05 Farm
100:06 Farm
100:10 Farm
100:11 Farm
100:12 Farm
100:15 Farm
100:23 Farm
100:34 Farm
100:39 Farm
100:57 Farm
101:06 Farm
101:10 Farm
101:19 Farm
101:20 Farm
101:24 Farm
101:49 Farm
101:56 Farm
101:57 Farm
102:00 Farm
102:03 Farm
102:06 Farm
102:39 Farm
102:42 Farm
102:45 Farm
102:51 Farm
102:53 Farm
102:56 Farm
103:14 Farm
103:19 Farm
103:21 Farm
103:24 Farm
103:33 Farm
103:37 Farm
103:43 Farm
103:54 Farm
103:57 Farm
104:07 Farm
104:16 Farm
104:18 Farm
104:22 Farm
104:24 Farm
104:44 Farm
104:46 Farm
104:56 Farm
104:59 Farm
105:01 Farm
105:08 Farm
105:22 Farm
105:25 Farm
105:38 Farm
105:46 Farm
105:55 Farm
106:00 Farm
106:28 Farm
106:32 Farm
106:35 Farm
106:40 Farm
106:42 Farm
106:54 Farm
107:13 Farm
107:18 Farm
107:21 Farm
107:29 Farm
107:31 Farm
107:35 Farm
107:51 Farm
107:57 Farm
108:01 Farm
108:09 Farm
108:11 Farm
108:15 Farm
108:31 Farm
108:35 Farm
108:44 Farm
108:50 Farm
108:55 Farm
109:07 Farm
109:37 Farm
109:43 Farm
109:46 Farm
110:23 Farm
110:34 Farm
110:44 Farm
111:16 Farm
111:55 Farm
112:36 Farm
112:44 Scout Tower
112:48 Scout Tower
112:49 Scout Tower
112:54 Scout Tower
112:59 Scout Tower
113:37 Guard Tower
113:41 Scout Tower
113:46 Scout Tower
113:48 Scout Tower
113:50 Scout Tower
113:54 Scout Tower
114:12 Guard Tower
114:14 Scout Tower
114:16 Guard Tower
114:20 Scout Tower
114:24 Guard Tower
114:30 Scout Tower
114:32 Scout Tower
114:36 Scout Tower
114:37 Guard Tower
114:49 Scout Tower
114:58 Scout Tower
115:00 Guard Tower
115:04 Scout Tower
115:05 Guard Tower
115:08 Scout Tower
115:12 Scout Tower
115:24 Scout Tower
115:25 Guard Tower
115:29 Scout Tower
115:30 Guard Tower
115:30 Guard Tower
115:30 Guard Tower
115:34 Scout Tower
115:36 Guard Tower
115:37 Scout Tower
115:39 Guard Tower
115:40 Scout Tower
115:52 Guard Tower
115:56 Scout Tower
115:58 Scout Tower
115:59 Guard Tower
116:03 Scout Tower
116:05 Guard Tower
116:07 Guard Tower
116:09 Scout Tower
116:10 Scout Tower
116:31 Guard Tower
116:34 Scout Tower
116:39 Guard Tower
116:41 Scout Tower
116:43 Scout Tower
116:45 Scout Tower
116:47 Scout Tower
117:02 Guard Tower
117:04 Scout Tower
117:06 Scout Tower
117:09 Scout Tower
117:10 Guard Tower
117:12 Guard Tower
117:18 Guard Tower
117:20 Scout Tower
117:20 Scout Tower
117:32 Guard Tower
117:32 Guard Tower
117:35 Guard Tower
117:35 Guard Tower
117:37 Scout Tower
117:48 Guard Tower
117:51 Scout Tower
117:54 Scout Tower
117:58 Guard Tower
118:00 Scout Tower
118:05 Scout Tower
118:07 Guard Tower
118:17 Guard Tower
118:17 Guard Tower
118:20 Scout Tower
118:23 Guard Tower
118:28 Guard Tower
118:33 Scout Tower
118:35 Guard Tower
118:48 Guard Tower
118:50 Scout Tower
119:12 Lumber Mill
119:33 Guard Tower
119:46 Scout Tower
120:17 Scout Tower
120:20 Guard Tower
120:49 Scout Tower
120:54 Guard Tower
120:55 Guard Tower
122:20 Scout Tower
122:26 Scout Tower
122:29 Scout Tower
122:30 Scout Tower
122:35 Scout Tower
122:37 Scout Tower
122:39 Scout Tower
122:48 Scout Tower
122:49 Guard Tower
123:00 Guard Tower
123:09 Scout Tower
123:11 Scout Tower
123:12 Guard Tower
123:21 Scout Tower
123:26 Scout Tower
123:33 Scout Tower
123:34 Guard Tower
123:35 Guard Tower
123:37 Guard Tower
123:37 Guard Tower
123:39 Scout Tower
123:40 Guard Tower
123:46 Scout Tower
123:57 Guard Tower
123:59 Scout Tower
124:01 Scout Tower
124:04 Scout Tower
124:04 Guard Tower
124:06 Guard Tower
124:15 Guard Tower
124:49 Lumber Mill
124:52 Guard Tower
124:55 Scout Tower
124:57 Scout Tower
124:58 Guard Tower
125:00 Scout Tower
125:21 Guard Tower
125:21 Guard Tower
125:23 Scout Tower
125:24 Guard Tower
125:26 Scout Tower
125:28 Scout Tower
125:39 Guard Tower
125:39 Guard Tower
125:50 Scout Tower
125:54 Guard Tower
125:54 Guard Tower
126:00 Scout Tower
126:02 Guard Tower
126:15 Guard Tower
126:17 Scout Tower
126:22 Scout Tower
126:50 Guard Tower
126:51 Guard Tower
126:51 Guard Tower
128:05 Farm
128:07 Farm
128:11 Farm
128:13 Farm
128:15 Farm
128:17 Farm
128:21 Farm
128:21 Farm
128:22 Farm
128:24 Farm
128:25 Farm
128:26 Farm
128:27 Farm
128:28 Farm
128:30 Farm
128:31 Farm
128:31 Farm
128:35 Farm
128:36 Farm
128:38 Farm
128:39 Farm
128:41 Farm
128:42 Farm
128:43 Farm
128:45 Farm
128:47 Farm
128:49 Farm
128:51 Farm
128:52 Farm
128:54 Farm
128:56 Farm
128:58 Farm
129:00 Farm
129:01 Farm
129:02 Farm
129:03 Farm
129:06 Farm
129:06 Farm
129:07 Farm
129:07 Farm
129:08 Farm
129:09 Farm
129:11 Farm
129:18 Farm
129:19 Farm
129:20 Farm
129:22 Farm
129:26 Farm
129:27 Farm
129:27 Farm
129:28 Farm
129:31 Farm
129:34 Farm
129:36 Farm
129:37 Farm
129:40 Farm
129:41 Farm
129:42 Farm
129:43 Farm
129:45 Farm
129:48 Farm
129:48 Farm
129:51 Farm
129:53 Farm
129:59 Farm
130:02 Farm
130:02 Farm
130:03 Farm
130:04 Farm
130:05 Farm
131:57 Farm
131:57 Farm
132:00 Farm
132:01 Farm
132:03 Farm
132:04 Farm
132:06 Farm
132:07 Farm
132:08 Farm
132:45 Lumber Mill
133:50 Lumber Mill
135:08 Lumber Mill
135:55 Lumber Mill
138:08 Lumber Mill
138:16 Farm
138:26 Farm
138:40 Farm
138:53 Farm
152:24 Lumber Mill
153:03 Lumber Mill
154:31 Lumber Mill
604:04 Scout Tower
604:04 Scout Tower
604:06 Scout Tower
604:08 Scout Tower
604:11 Scout Tower
604:12 Scout Tower
604:13 Scout Tower
604:14 Scout Tower
604:14 Scout Tower
604:15 Scout Tower
604:16 Scout Tower
604:16 Scout Tower
604:18 Scout Tower
604:19 Scout Tower
604:20 Scout Tower
604:21 Scout Tower
604:22 Scout Tower
604:22 Scout Tower
604:23 Scout Tower
604:24 Scout Tower
604:25 Scout Tower
604:26 Scout Tower
604:27 Scout Tower
604:28 Scout Tower
604:28 Scout Tower
604:31 Scout Tower
604:32 Scout Tower
604:32 Scout Tower
604:34 Scout Tower
604:35 Scout Tower
604:36 Scout Tower
604:38 Scout Tower
604:39 Scout Tower
604:44 Guard Tower
604:47 Scout Tower
604:48 Scout Tower
604:49 Scout Tower
604:49 Scout Tower
604:50 Scout Tower
604:52 Scout Tower
604:52 Scout Tower
604:54 Scout Tower
604:55 Scout Tower
604:56 Scout Tower
604:56 Scout Tower
604:57 Scout Tower
604:58 Scout Tower
605:00 Scout Tower
605:00 Scout Tower
605:02 Scout Tower
605:03 Scout Tower
605:04 Scout Tower
605:04 Scout Tower
605:06 Scout Tower
605:06 Scout Tower
605:07 Scout Tower
605:07 Scout Tower
605:08 Scout Tower
605:08 Scout Tower
605:09 Scout Tower
605:10 Scout Tower
605:11 Scout Tower
605:12 Scout Tower
605:13 Scout Tower
605:13 Scout Tower
605:14 Scout Tower
605:15 Scout Tower
605:15 Scout Tower
605:16 Scout Tower
605:17 Scout Tower
605:18 Scout Tower
605:30 Guard Tower
605:35 Scout Tower
606:00 Guard Tower
606:05 Guard Tower
606:14 Scout Tower
606:15 Scout Tower
606:16 Scout Tower
606:17 Scout Tower
606:18 Scout Tower
606:18 Scout Tower
606:27 Guard Tower
607:10 Scout Tower
607:12 Scout Tower
607:13 Scout Tower
607:14 Scout Tower
607:15 Scout Tower
607:17 Scout Tower
607:18 Scout Tower
607:19 Scout Tower
607:19 Scout Tower
607:20 Scout Tower
607:24 Cannon Tower
607:34 Scout Tower
607:35 Scout Tower
607:36 Scout Tower
607:37 Scout Tower
607:38 Scout Tower
607:39 Scout Tower
607:39 Scout Tower
607:40 Scout Tower
607:41 Scout Tower
607:42 Scout Tower
607:43 Scout Tower
607:43 Scout Tower
607:44 Scout Tower
607:45 Scout Tower
607:47 Scout Tower
607:47 Scout Tower
607:48 Scout Tower
607:49 Scout Tower
607:49 Scout Tower
607:50 Scout Tower
607:50 Scout Tower
607:53 Scout Tower
607:54 Scout Tower
607:55 Scout Tower
607:56 Scout Tower
607:56 Scout Tower
607:57 Scout Tower
607:58 Scout Tower
607:59 Scout Tower
608:00 Scout Tower
608:01 Scout Tower
608:03 Scout Tower
608:03 Scout Tower
608:05 Scout Tower
608:06 Scout Tower
608:08 Scout Tower
608:08 Scout Tower
608:09 Scout Tower
608:11 Scout Tower
608:15 Guard Tower
608:18 Guard Tower
608:27 Guard Tower
608:35 Scout Tower
608:41 Guard Tower
608:45 Guard Tower
608:50 Guard Tower
608:56 Guard Tower
609:00 Scout Tower
609:00 Scout Tower
609:01 Scout Tower
609:04 Scout Tower
609:06 Scout Tower
609:11 Scout Tower
609:12 Scout Tower
609:12 Scout Tower
609:12 Scout Tower
609:13 Scout Tower
609:13 Scout Tower
609:13 Scout Tower
609:14 Scout Tower
609:14 Scout Tower
609:14 Scout Tower
609:14 Scout Tower
609:15 Scout Tower
609:15 Scout Tower
609:15 Scout Tower
609:15 Scout Tower
609:16 Scout Tower
609:16 Scout Tower
609:16 Scout Tower
609:17 Scout Tower
609:17 Scout Tower
609:18 Scout Tower
609:20 Guard Tower
609:21 Guard Tower
609:32 Guard Tower
609:55 Guard Tower
609:59 Scout Tower
610:00 Scout Tower
610:00 Scout Tower
610:01 Scout Tower
610:01 Scout Tower
610:02 Scout Tower
610:03 Scout Tower
610:03 Scout Tower
610:04 Scout Tower
610:05 Scout Tower
610:05 Scout Tower
610:06 Scout Tower
610:07 Scout Tower
610:08 Scout Tower
610:11 Scout Tower
610:12 Scout Tower
610:13 Scout Tower
610:14 Scout Tower
610:14 Scout Tower
610:15 Scout Tower
610:16 Scout Tower
610:17 Scout Tower
610:17 Scout Tower
610:19 Scout Tower
610:34 Cannon Tower
610:38 Cannon Tower
610:45 Scout Tower
610:46 Scout Tower
610:47 Scout Tower
610:48 Scout Tower
610:49 Scout Tower
610:51 Scout Tower
610:51 Scout Tower
610:54 Cannon Tower
611:03 Cannon Tower
611:08 Cannon Tower
611:11 Cannon Tower
611:21 Cannon Tower
611:31 Cannon Tower
611:39 Cannon Tower
611:44 Cannon Tower
611:45 Cannon Tower
611:58 Scout Tower
612:00 Scout Tower
612:01 Scout Tower
612:03 Scout Tower
612:03 Scout Tower
612:05 Scout Tower
612:14 Cannon Tower
612:17 Cannon Tower
612:37 Scout Tower
612:38 Scout Tower
612:40 Scout Tower
612:40 Scout Tower
612:41 Scout Tower
612:42 Scout Tower
612:43 Scout Tower
612:44 Scout Tower
612:45 Scout Tower
612:46 Scout Tower
612:48 Scout Tower
612:48 Scout Tower
612:50 Scout Tower
612:51 Scout Tower
612:54 Scout Tower
612:55 Scout Tower
612:56 Scout Tower
612:57 Scout Tower
613:18 Cannon Tower
613:20 Cannon Tower
613:24 Cannon Tower
613:29 Scout Tower
613:30 Scout Tower
613:31 Scout Tower
613:32 Scout Tower
613:34 Cannon Tower
614:04 Scout Tower
614:05 Scout Tower
614:07 Scout Tower
614:08 Scout Tower
614:09 Scout Tower
614:09 Scout Tower
614:10 Scout Tower
614:11 Scout Tower
614:16 Cannon Tower
614:42 Cannon Tower
614:47 Cannon Tower
614:57 Cannon Tower
615:08 Scout Tower
615:11 Cannon Tower
615:47 Cannon Tower
615:56 Scout Tower
615:57 Scout Tower
615:57 Scout Tower
615:59 Scout Tower
616:00 Scout Tower
616:28 Cannon Tower
616:28 Cannon Tower
616:29 Cannon Tower
» items
| Lesser Clarity Potion | 2 | |
| Belt of Giant Strength +6 | 2 | |
| Scroll of Town Portal | 3 | |
| Sobi Mask | 2 | |
| Ankh of Reincarnation | 1 | |
| Potion of Healing | 3 | |
| Orb of Corruption | 1 | |
| Potion of Restoration | 1 | |
| Dust of Appearance | 1 | |
| Potion of Divinity | 1 | |
| Spiked Collar | 1 | |
| Inferno Stone | 1 | |
| Potion of Mana | 1 | |
| Scroll of Regeneration | 2 | |
| Mana Stone | 1 | |
23 total

»
I-THINK-IM-COOL (
teal | 26 APM | 10159 actions | 383:41)
10 Death Knight
3 Unholy Aura
3 Death Coil
1 Animate Dead
3 Death Pact
5 Lich
3 Frost Nova
2 Frost Armor
» actions
| Assign group hotkey | 59 | |
| Basic commands | 213 | |
| Build / train | 309 | |
| Enter build submenu | 153 | |
| Enter hero's abilities submenu | 17 | |
| Give item / drop item | 13 | |
| Remove unit from queue | 24 | |
| Right click | 6182 | |
| Select / deselect | 1117 | |
| Select group hotkey | 1405 | |
| Use ability | 667 | |
10159 total
» units
| Acolyte | 43 | |
| Ghoul | 18 | |
| Goblin Zeppelin | 6 | |
| Gargoyle | 2 | |
| Goblin Sapper | 5 | |
| Goblin Shredder | 6 | |
80 total
» upgrades
| Unholy Strength | 3 | |
| Ghoul Frenzy | 1 | |
| Cannibalize | 1 | |
| Unholy Armor | 3 | |
| Creature Attack | 3 | |
| Creature Carapace | 3 | |
| Burrow | 1 | |
| Web | 1 | |
| Stone Form | 1 | |
17 total
» buildings
| Tomb of Relics | 102 | |
| Crypt | 14 | |
| Ziggurat | 119 | |
| Altar of Darkness | 1 | |
| Nerubian Tower | 3 | |
| Graveyard | 4 | |
| Halls of the Dead | 2 | |
| Spirit Tower | 36 | |
| Black Citadel | 1 | |
| Necropolis | 2 | |
284 total
» build order
00:14 Tomb of Relics
00:22 Crypt
00:29 Ziggurat
00:58 Altar of Darkness
01:31 Ziggurat
02:22 Crypt
02:36 Ziggurat
03:13 Nerubian Tower
03:22 Graveyard
03:26 Graveyard
03:45 Nerubian Tower
03:47 Ziggurat
08:26 Halls of the Dead
08:27 Halls of the Dead
08:30 Ziggurat
08:34 Ziggurat
08:35 Ziggurat
08:39 Ziggurat
09:07 Ziggurat
09:11 Ziggurat
09:11 Ziggurat
09:16 Ziggurat
09:17 Ziggurat
09:32 Spirit Tower
10:14 Spirit Tower
10:14 Spirit Tower
10:20 Spirit Tower
11:41 Black Citadel
11:47 Spirit Tower
11:49 Spirit Tower
11:54 Spirit Tower
11:56 Ziggurat
11:57 Ziggurat
12:23 Ziggurat
12:30 Ziggurat
12:35 Ziggurat
13:41 Spirit Tower
14:22 Ziggurat
14:24 Ziggurat
14:25 Ziggurat
14:26 Ziggurat
15:19 Graveyard
16:15 Graveyard
16:23 Ziggurat
16:25 Ziggurat
16:28 Ziggurat
16:31 Ziggurat
16:34 Ziggurat
16:36 Ziggurat
16:46 Ziggurat
17:25 Spirit Tower
17:27 Ziggurat
17:30 Ziggurat
17:32 Ziggurat
17:34 Ziggurat
17:35 Ziggurat
17:38 Ziggurat
18:08 Spirit Tower
18:08 Spirit Tower
18:48 Ziggurat
18:50 Ziggurat
18:52 Ziggurat
18:57 Ziggurat
20:38 Necropolis
21:42 Spirit Tower
22:13 Spirit Tower
22:18 Spirit Tower
25:57 Ziggurat
25:57 Ziggurat
25:59 Ziggurat
26:00 Ziggurat
26:01 Ziggurat
26:02 Ziggurat
26:04 Ziggurat
26:04 Ziggurat
26:05 Ziggurat
26:06 Ziggurat
26:07 Ziggurat
26:08 Ziggurat
26:10 Ziggurat
26:10 Ziggurat
26:55 Spirit Tower
26:55 Spirit Tower
27:08 Ziggurat
27:09 Ziggurat
27:10 Ziggurat
27:12 Ziggurat
27:15 Ziggurat
27:20 Ziggurat
27:29 Spirit Tower
28:07 Ziggurat
28:08 Ziggurat
28:09 Ziggurat
28:10 Ziggurat
28:12 Ziggurat
28:59 Spirit Tower
29:18 Ziggurat
29:20 Ziggurat
29:27 Spirit Tower
29:27 Spirit Tower
31:21 Spirit Tower
31:23 Spirit Tower
31:26 Spirit Tower
31:30 Spirit Tower
31:34 Nerubian Tower
32:18 Ziggurat
32:21 Ziggurat
32:23 Ziggurat
32:25 Ziggurat
32:26 Ziggurat
32:28 Ziggurat
32:46 Necropolis
33:21 Spirit Tower
33:22 Nerubian Tower
33:24 Ziggurat
33:28 Ziggurat
35:06 Spirit Tower
35:44 Ziggurat
35:46 Ziggurat
35:48 Ziggurat
35:50 Ziggurat
35:52 Ziggurat
35:57 Ziggurat
35:58 Ziggurat
36:00 Ziggurat
36:01 Ziggurat
36:02 Ziggurat
36:05 Ziggurat
36:06 Ziggurat
36:07 Ziggurat
36:08 Ziggurat
36:08 Ziggurat
36:09 Ziggurat
36:10 Ziggurat
36:26 Spirit Tower
36:29 Ziggurat
36:30 Ziggurat
36:31 Ziggurat
36:33 Ziggurat
36:33 Ziggurat
36:34 Ziggurat
36:35 Ziggurat
36:36 Ziggurat
36:36 Ziggurat
36:55 Spirit Tower
37:59 Ziggurat
38:00 Ziggurat
38:01 Ziggurat
38:02 Ziggurat
38:03 Ziggurat
38:05 Ziggurat
38:06 Ziggurat
38:07 Ziggurat
38:08 Ziggurat
38:10 Ziggurat
38:12 Ziggurat
38:14 Ziggurat
38:15 Ziggurat
38:16 Ziggurat
38:17 Ziggurat
38:19 Ziggurat
39:10 Spirit Tower
39:50 Spirit Tower
40:36 Spirit Tower
41:26 Crypt
41:29 Crypt
41:34 Crypt
41:35 Crypt
41:37 Crypt
41:41 Crypt
41:47 Crypt
41:50 Crypt
41:52 Crypt
41:54 Crypt
41:55 Crypt
41:56 Crypt
42:38 Spirit Tower
42:45 Spirit Tower
42:48 Spirit Tower
44:28 Ziggurat
44:29 Ziggurat
44:31 Ziggurat
69:18 Tomb of Relics
69:19 Tomb of Relics
69:20 Tomb of Relics
69:20 Tomb of Relics
69:21 Tomb of Relics
69:22 Tomb of Relics
69:23 Tomb of Relics
69:25 Tomb of Relics
69:25 Tomb of Relics
69:26 Tomb of Relics
69:28 Tomb of Relics
69:29 Tomb of Relics
70:06 Tomb of Relics
70:07 Tomb of Relics
70:24 Tomb of Relics
70:27 Tomb of Relics
70:31 Tomb of Relics
70:32 Tomb of Relics
70:36 Tomb of Relics
70:42 Tomb of Relics
71:19 Tomb of Relics
71:20 Tomb of Relics
71:21 Tomb of Relics
71:22 Tomb of Relics
71:24 Tomb of Relics
71:26 Tomb of Relics
71:51 Tomb of Relics
71:53 Tomb of Relics
71:54 Tomb of Relics
71:56 Tomb of Relics
71:59 Tomb of Relics
72:00 Tomb of Relics
72:02 Tomb of Relics
72:06 Tomb of Relics
73:44 Tomb of Relics
73:45 Tomb of Relics
73:47 Tomb of Relics
73:49 Tomb of Relics
73:51 Tomb of Relics
73:52 Tomb of Relics
73:53 Tomb of Relics
73:55 Tomb of Relics
73:56 Tomb of Relics
73:57 Tomb of Relics
74:00 Tomb of Relics
74:02 Tomb of Relics
74:03 Tomb of Relics
74:05 Tomb of Relics
74:06 Tomb of Relics
74:07 Tomb of Relics
74:09 Tomb of Relics
74:10 Tomb of Relics
74:11 Tomb of Relics
74:13 Tomb of Relics
74:14 Tomb of Relics
75:40 Tomb of Relics
75:41 Tomb of Relics
75:43 Tomb of Relics
75:44 Tomb of Relics
75:48 Tomb of Relics
75:53 Tomb of Relics
75:55 Tomb of Relics
75:56 Tomb of Relics
75:58 Tomb of Relics
75:59 Tomb of Relics
76:01 Tomb of Relics
76:33 Tomb of Relics
76:35 Tomb of Relics
76:37 Tomb of Relics
76:39 Tomb of Relics
76:43 Tomb of Relics
77:52 Tomb of Relics
77:53 Tomb of Relics
77:55 Tomb of Relics
77:56 Tomb of Relics
77:58 Tomb of Relics
78:00 Tomb of Relics
78:53 Tomb of Relics
78:54 Tomb of Relics
78:56 Tomb of Relics
79:04 Tomb of Relics
79:06 Tomb of Relics
79:08 Tomb of Relics
79:09 Tomb of Relics
79:14 Tomb of Relics
79:16 Tomb of Relics
79:17 Tomb of Relics
79:19 Tomb of Relics
79:20 Tomb of Relics
79:22 Tomb of Relics
79:23 Tomb of Relics
79:25 Tomb of Relics
79:27 Tomb of Relics
79:30 Tomb of Relics
79:31 Tomb of Relics
79:33 Tomb of Relics
79:35 Tomb of Relics
80:51 Tomb of Relics
80:58 Tomb of Relics
81:37 Tomb of Relics
81:41 Tomb of Relics
» items
| Rod of Necromancy | 1 | |
| Book of the Dead | 2 | |
| Sacrificial Skull | 74 | |
| Dust of Appearance | 1 | |
| Orb of Corruption | 12 | |
| Scroll of Town Portal | 3 | |
| Scroll of Healing | 2 | |
| Scroll of Animate Dead | 1 | |
| Ice Shard | 5 | |
| Inferno Stone | 2 | |
| Amulet of the Wild | 2 | |
| Stone Token | 6 | |
| Demonic Figurine | 3 | |
| Talisman of the Wild | 2 | |
| Scroll of Resurrection | 1 | |
| Spiked Collar | 1 | |
| Potion of Restoration | 1 | |
| Red Drake Egg | 2 | |
121 total
CreativeLiquid (
orange | 3 APM | 260 actions | 93:30)
1 Demon Hunter
1 Mana Burn
» actions
| Assign group hotkey | 6 | |
| Basic commands | 2 | |
| Build / train | 20 | |
| Enter build submenu | 7 | |
| Enter hero's abilities submenu | 2 | |
| Right click | 63 | |
| Select / deselect | 69 | |
| Select group hotkey | 71 | |
| Use ability | 20 | |
260 total
» units
» upgrades
» buildings
| Altar of Elders | 1 | |
| Ancient of Wonders | 1 | |
| Moon Well | 3 | |
| Ancient of War | 1 | |
| Hunter's Hall | 1 | |
| Tree of Ages | 2 | |
9 total
» build order
00:05 Altar of Elders
00:08 Ancient of Wonders
00:12 Moon Well
01:41 Ancient of War
02:09 Moon Well
02:35 Hunter's Hall
03:12 Moon Well
04:05 Tree of Ages
04:06 Tree of Ages
Chat log
(00:09 / Allies) I-THINK-IM-COOL: cool
(00:11 / All) FEETMEN: MY FUCKING GOLDMINE
(00:18 / All) FEETMEN: FAST EXPANDING
(00:34 / All) CreativeLiquid: oh no, not the eat rice guy again
(00:41 / All) Eat_Rice.Bltch: lol
(00:44 / All) I-THINK-IM-COOL: ROFL
(00:45 / All) OnyxCharm: lol
(00:45 / All) Z0O: GG
(00:59 / All) FEETMEN: leave purp
(01:02 / All) FEETMEN: im fast expanding
(01:09 / All) I-THINK-IM-COOL: ROFL
(01:22 / All) I-THINK-IM-COOL: ORANGE U LEAVE 2 BITCH
(01:24 / All) ijoinandleave: your shift talk
(01:34 / All) FEETMEN: I SHIFT TALKED YOUR MOM
(01:35 / All) FEETMEN: ROFL
(01:46 / All) Z0O: omg
(01:54 / Allies) Z0O: im going to cry
(01:57 / Allies) Z0O: QQ
(02:03 / All) FEETMEN: OWNED
(02:54 / All) OnyxCharm: wtf
(02:56 / Allies) Z0O: 40 gold please
(03:01 / All) OnyxCharm: lol
(03:19 / All) FEETMEN: BOR IS ANGRY
(03:33 / Allies) Z0O: 40 gold please
(03:37 / Allies) Z0O: 40 gold please
(03:40 / All) I-THINK-IM-COOL: NO ASSHOLE
(03:49 / Allies) Z0O: ty
(03:50 / Allies) FEETMEN: ENJOY
(03:52 / Allies) FEETMEN: YOUR HERO
(04:06 / Allies) I-THINK-IM-COOL: LOL
(04:47 / All) I-THINK-IM-COOL: srry orange
(04:48 / All) I-THINK-IM-COOL: i need this
(04:57 / Allies) Z0O: wow teal
(05:02 / Allies) Z0O: copy yellow
(05:03 / Allies) Z0O: wow
(05:10 / All) Eat_Rice.Bltch: lol
(05:11 / Allies) Z0O: yellow teals your bitch
(05:14 / All) Eat_Rice.Bltch: i got all
(05:20 / All) I-THINK-IM-COOL: i let u have em
(06:11 / All) CreativeLiquid: gg other team, looks like you win
(06:15 / All) CreativeLiquid: teal is a bser
(06:45 / All) CreativeLiquid: too bad its only a level 1 account, or I'd have his butt banned
(07:01 / All) I-THINK-IM-COOL: banned?
(07:06 / Allies) Z0O: you guys would get bashed
(07:13 / Allies) Z0O: in real life
(07:21 / All) CreativeLiquid: I'm pretty sure its against the rules to destroy your teammates town hall
(07:32 / All) I-THINK-IM-COOL: impretty sure to
(07:46 / All) CreativeLiquid: I wonder if they can ban you by ip address
(07:47 / Allies) FEETMEN: WOOD?
(07:55 / All) CreativeLiquid: I might have to check into that
(08:00 / Allies) Z0O: yeah you just send their name
(08:05 / Allies) Z0O: they check the last ip
(08:08 / Allies) Z0O: used by the name
(08:10 / Allies) Z0O: and they banned
(08:21 / Allies) FEETMEN: LMAO
(08:25 / Allies) FEETMEN: THEY DONT EVEN BAN HACKERS
(08:27 / All) CreativeLiquid: or not play anymore
(08:28 / Allies) FEETMEN: MUCH LESS STABBERS
(08:31 / Allies) FEETMEN: YOU GUYS ARE CRAZY
(08:31 / Allies) Z0O: yes
(08:33 / Allies) FEETMEN: PURP
(08:35 / Allies) FEETMEN: GIVE ME WOOD
(08:36 / Allies) Z0O: ok yellow
(08:42 / Allies) FEETMEN: I WAS GENEROUS ENOUGH TO GOLD YOU FOR HERO
(08:52 / Allies) Z0O: very generous
(08:53 / Allies) FEETMEN: FEED ME WOOD
(08:56 / Allies) FEETMEN: AND WE STILL HAVE A SHOT
(09:27 / Allies) Z0O: me and my aow will win this
(09:32 / Allies) FEETMEN: purple
(09:35 / Allies) FEETMEN: give me all your wood
(09:39 / Allies) FEETMEN: so i can make a grand fleet
(09:43 / All) CreativeLiquid: This will be an interesting replay to send in
(09:52 / All) Eat_Rice.Bltch: hi teal
(09:53 / Allies) Z0O: not working
(09:57 / All) I-THINK-IM-COOL: HI RICE
(10:02 / All) CreativeLiquid: Got get green
(10:05 / All) CreativeLiquid: make em eat rice
(10:09 / Allies) FEETMEN: im warning you purp
(10:12 / Allies) FEETMEN: give me your wood
(10:13 / All) CreativeLiquid: I mean go get em green
(10:24 / All) CreativeLiquid: make teal eat rice
(10:39 / All) Z0O: dont forget to get siege
(10:46 / All) Z0O: or cloud
(10:48 / All) I-THINK-IM-COOL: WATS HOOD!
(10:54 / Allies) FEETMEN: purp wood me
(10:55 / All) CreativeLiquid: yeah, ghouls vs. knights
(10:58 / All) CreativeLiquid: that's gonna work
(10:58 / Allies) FEETMEN: or im killing your hero
(11:24 / All) I-THINK-IM-COOL: HAHHH
(13:32 / Allies) Z0O: nice name oj
(13:35 / Allies) FEETMEN: kill purps hero
(13:38 / Allies) Z0O: reminds me of creative juices
(13:42 / All) CreativeLiquid: If you can come around from behind, you can avoid most of teals towers
(13:43 / Allies) FEETMEN: this clown wont give me wood
(13:45 / All) CreativeLiquid: and take out his main
(14:08 / All) CreativeLiquid: might wanna hurry though
(14:13 / All) I-THINK-IM-COOL: SRRY SON U GOTTA DIE
(14:14 / All) CreativeLiquid: he's putting up towers now lol
(15:21 / All) FEETMEN: CUTE
(15:48 / All) CreativeLiquid: want some more exp blue?
(16:35 / All) CreativeLiquid: why do you cc, when you could just strike and be done with this?
(16:46 / All) CreativeLiquid: there ya go buddy
(16:57 / All) FEETMEN: green is getting owned
(17:21 / All) CreativeLiquid: congrats pink
(18:06 / All) CreativeLiquid: I can tell this is gonna be a long game
(18:11 / All) CreativeLiquid: might as well go take a piss
(18:14 / All) ITOUCHMYSISTER.: you have no idea orange
(18:14 / All) I-THINK-IM-COOL: EAT A DICK SON
(18:16 / All) ITOUCHMYSISTER.: go get some food
(18:19 / All) I-THINK-IM-COOL: LOL
(18:27 / All) CreativeLiquid: good idea
(18:52 / All) FEETMEN: owned
(18:54 / All) FEETMEN: OWNED
(21:41 / All) ITOUCHMYSISTER.: im shocked noboyd has left yet
(21:50 / All) I-THINK-IM-COOL: me 2
(21:53 / All) I-THINK-IM-COOL: some1
(21:54 / All) OnyxCharm: lol
(21:57 / All) I-THINK-IM-COOL: really wants dis win
(22:00 / All) OnyxCharm: Strangest game all night
(22:08 / All) ITOUCHMYSISTER.: i need my 25 win icon
(22:23 / All) ITOUCHMYSISTER.: meh boyfriend says he'll start looking at me with respect if i get it
(22:27 / Allies) I-THINK-IM-COOL: share
(22:30 / Allies) I-THINK-IM-COOL: take me in ur blimp
(22:31 / Allies) I-THINK-IM-COOL: :D
(22:45 / All) FEETMEN: ITS A PARTY BOYS
(23:44 / Allies) I-THINK-IM-COOL: ROFL
(23:45 / Allies) I-THINK-IM-COOL: lol
(24:03 / All) Eat_Rice.Bltch: lol
(24:34 / Allies) I-THINK-IM-COOL: im going here :D
(24:43 / Allies) FEETMEN: K GL
(24:58 / All) FEETMEN: YO GREEN
(25:01 / All) FEETMEN: YOU SCARED?
(26:46 / All) CreativeLiquid: Ya know, I'm no rocket scientist or anything, but tanks might be a good idea
(27:09 / All) ITOUCHMYSISTER.: pink is a pro !
(27:44 / All) FEETMEN: youll pay
(27:46 / All) FEETMEN: FOR THIS
(27:59 / All) FEETMEN: BOR IS ANGRY
(28:16 / All) ITOUCHMYSISTER.: haha
(28:29 / Allies) I-THINK-IM-COOL: rofl
(28:34 / Allies) I-THINK-IM-COOL: nig
(28:37 / Allies) I-THINK-IM-COOL: wtf u doing!
(29:48 / All) CreativeLiquid: wuss
(29:53 / All) CreativeLiquid: teal can't fight a lil inferno
(30:00 / All) ITOUCHMYSISTER.: why the hell is a zepplin affected by unholy aura
(30:01 / Allies) FEETMEN: TREE OF LIFE
(30:07 / Allies) I-THINK-IM-COOL: ROFL
(30:10 / Allies) Z0O: yes boss
(30:16 / Allies) FEETMEN: YOU ARE MIGHTY PURPLE
(30:18 / Allies) FEETMEN: I RESPECT YOU
(30:25 / Allies) Z0O: lol
(30:49 / All) FEETMEN: FUCK
(30:57 / All) FEETMEN: BOR IS SICK OF YOUR CRAP
(31:02 / All) CreativeLiquid: And by leveling up, I had hoped to get away from noobs... oh well
(31:21 / Allies) Z0O: rt is noobs douche
(31:37 / Allies) FEETMEN: you dont play rt for lack of noobs bro
(31:39 / Allies) FEETMEN: you play rt
(31:40 / Allies) FEETMEN: to laugh
(31:44 / Allies) FEETMEN: yeah
(31:47 / Allies) FEETMEN: barely
(31:47 / Allies) FEETMEN: rofl
(31:48 / All) I-THINK-IM-COOL: AGREEED
(31:54 / Allies) FEETMEN: CYC-OF-IEL
(31:55 / Allies) FEETMEN: #1
(31:59 / Allies) FEETMEN: BEAR DRYAD PRO
(32:00 / Allies) Z0O: he sucks balls
(32:07 / Allies) Z0O: HE SUCKS BALLZ
(32:18 / Allies) Z0O: HE DOESNT EVEN HAVE MICRO
(32:27 / All) CreativeLiquid: Well, if I just play 1v1 that should do it
(32:39 / All) CreativeLiquid: Probably have fun handing people like teal their ass
(32:40 / Allies) Z0O: too scary
(32:54 / Allies) Z0O: i dont mind 2vs2
(33:07 / Allies) FEETMEN: lotta hackers in 2v2
(33:19 / All) CreativeLiquid: Of course you can't really bs in 1v1 so teal would never go for it
(33:24 / Allies) Z0O: still better than 4vs4
(33:43 / Allies) Z0O: according to this my apm higher
(33:48 / Allies) Z0O: and im controling 1 tree
(33:53 / All) CreativeLiquid: red must be incrediably bored
(33:59 / All) ITOUCHMYSISTER.: what you mean
(34:11 / All) CreativeLiquid: how much fun could it be to mass item shops
(34:32 / All) ITOUCHMYSISTER.: its extremely fun
(34:47 / All) CreativeLiquid: I'd think it'd be funner to mass towers
(34:48 / All) ITOUCHMYSISTER.: women dont find me attractive, so i can do this as a substitute, and still get an erection out of it
(35:37 / All) CreativeLiquid: yeah, it kinda does look like an erection in a messed up kind of way
(36:33 / All) Eat_Rice.Bltch: lol tred
(37:07 / All) CreativeLiquid: be neat if those floating red boxes contained heros
(37:15 / All) OnyxCharm: rofl
(37:27 / Allies) I-THINK-IM-COOL: wow
(37:27 / Allies) I-THINK-IM-COOL: rofl
(37:28 / All) Eat_Rice.Bltch: lol
(37:38 / All) ITOUCHMYSISTER.: this is why i revere 4v4rt
(37:39 / All) I-THINK-IM-COOL: ITS OK SON HES BAK
(37:43 / All) ITOUCHMYSISTER.: when people value
(37:45 / All) Eat_Rice.Bltch: lol
(38:23 / All) ITOUCHMYSISTER.: gold count
(38:25 / All) ITOUCHMYSISTER.: im at 10k
(38:27 / All) CreativeLiquid: I do kinda feel sorry for teal though
(38:28 / All) I-THINK-IM-COOL: ROFL
(38:29 / All) FEETMEN: 21k
(38:34 / All) I-THINK-IM-COOL: ive went way past 10k
(38:39 / All) I-THINK-IM-COOL: i jus keep massing towers
(38:41 / All) CreativeLiquid: If he was gonna bs at any game, this is probably not the best one to pick
(38:43 / All) I-THINK-IM-COOL: i own da whole
(38:44 / All) I-THINK-IM-COOL: bottom
(38:46 / All) I-THINK-IM-COOL: :D
(38:56 / All) CreativeLiquid: Would be much better to bs at something like Halo
(39:17 / All) CreativeLiquid: Then you'd get people from all over the world calling you a prick in their own native tongue
(39:25 / Allies) Z0O: need priests
(39:29 / Allies) I-THINK-IM-COOL: oh shit
(39:48 / All) CreativeLiquid: all you get with this is a lil texting and that's it
(39:49 / All) FEETMEN: try harder green
(39:51 / Allies) FEETMEN: come here
(39:56 / All) CreativeLiquid: real fun there
(39:57 / Allies) Z0O: yellow is you give me more gold i can play more ents
(40:01 / All) CreativeLiquid: yee ha
(40:22 / Allies) I-THINK-IM-COOL: waitong on ghouls
(40:23 / Allies) I-THINK-IM-COOL: ill brt
(40:40 / All) CreativeLiquid: took ya long enough green
(40:59 / All) FEETMEN: too him long enough for what?
(41:01 / All) I-THINK-IM-COOL: ROFL
(41:02 / All) FEETMEN: he killed 2 towers
(41:04 / All) CreativeLiquid: tanks
(41:19 / All) ITOUCHMYSISTER.: we should clear out every tree
(41:27 / All) CreativeLiquid: from fighting him in past games, i thought he was a pro
(41:42 / All) FEETMEN: obviously you were mistaken
(41:51 / All) CreativeLiquid: obviously
(42:02 / Allies) I-THINK-IM-COOL: mass crypts
(42:03 / Allies) I-THINK-IM-COOL: :D
(42:33 / All) CreativeLiquid: I wonder what teal will do when he can't play w3 anymore
(42:36 / All) ITOUCHMYSISTER.: i like my allies
(42:47 / All) ITOUCHMYSISTER.: orange, lets roleplay
(42:54 / All) ITOUCHMYSISTER.: i will be the housewife
(42:56 / All) I-THINK-IM-COOL: LOL
(43:14 / All) CreativeLiquid: am i orange?
(43:24 / All) FEETMEN: you sure are
(44:18 / Allies) Z0O: brb
(45:00 / All) ITOUCHMYSISTER.: there you
(45:03 / All) ITOUCHMYSISTER.: ty
(46:51 / All) FEETMEN: so long green
(46:56 / All) FEETMEN: was a pleasure playing
(48:20 / All) CreativeLiquid: yeah mortars might be a lil better green
(48:33 / All) CreativeLiquid: ranged siege on towers is a good idea
(49:00 / Allies) Z0O: b
(49:55 / All) ITOUCHMYSISTER.: this is the type of game to get 3 heros
(50:06 / All) I-THINK-IM-COOL: agreed
(50:45 / All) CreativeLiquid: yeah know, I think teal is kinda a gay color... rather fitting in this case
(50:58 / All) I-THINK-IM-COOL: hes mad cute
(52:12 / All) FEETMEN: green getting owned
(52:15 / All) CreativeLiquid: I thought I was gonna take a loss on this one
(52:20 / All) CreativeLiquid: but now I'm wondering
(52:25 / All) FEETMEN: dont be so quick with your tongue boy
(52:29 / All) ITOUCHMYSISTER.: trust me orange, you need to keep pondering
(52:35 / All) OnyxCharm: lol
(52:42 / All) OnyxCharm: I was the only one with units
(52:48 / All) I-THINK-IM-COOL: son shush
(53:44 / All) CreativeLiquid: you might have put up more towers pink
(54:19 / All) FEETMEN: good ol autocast web
(54:27 / All) CreativeLiquid: then you could have been just as much of a pain in the ass
(54:28 / All) Eat_Rice.Bltch: this game is fucked
(54:31 / All) CreativeLiquid: as they are
(54:34 / All) CreativeLiquid: no kidding
(54:42 / All) Z0O: whoa wtf
(54:54 / All) ITOUCHMYSISTER.: nice for you to join us purple
(55:02 / All) I-THINK-IM-COOL: LOL
(55:10 / All) CreativeLiquid: yeah, this bsers get off on use hanging around
(55:13 / All) FEETMEN: Unbelievable
(55:22 / All) ITOUCHMYSISTER.: i would say this a grade A 4v4rt game
(55:26 / All) FEETMEN: autocast web and nerub towers getting terrible players kills
(55:36 / All) CreativeLiquid: I'm only sticking around to see who of the two teams has the biggest bser
(55:44 / All) ITOUCHMYSISTER.: pink is confident, he is not a humble peasant anymore
(55:54 / All) FEETMEN: pink is terrible
(55:58 / All) Eat_Rice.Bltch: u guys have fun killin red ok i go now bye
(56:02 / All) ITOUCHMYSISTER.: hes a good gye
(56:04 / All) ITOUCHMYSISTER.: stay green!
(56:07 / All) ITOUCHMYSISTER.: please!
(56:11 / All) ITOUCHMYSISTER.: we are friends
(56:12 / All) FEETMEN: i fucking hate undead playersd
(56:34 / All) CreativeLiquid: poor green
(56:44 / All) FEETMEN: he got beat
(56:46 / All) FEETMEN: fair and square
(57:03 / All) CreativeLiquid: Probably the only skilled player on here, only to take a loss on account of bs
(57:10 / All) FEETMEN: hahahahahahah
(57:22 / All) FEETMEN: yeah the 2v2
(57:26 / All) FEETMEN: wasnt fair enough for him
(57:33 / Allies) Z0O: u guys played sexy meat wagon
(57:38 / All) I-THINK-IM-COOL: LOL
(57:43 / All) ITOUCHMYSISTER.: phew
(57:47 / All) ITOUCHMYSISTER.: verizon internet sucks ass
(58:01 / Allies) Z0O: on west their used to be some good rt team players
(58:02 / All) FEETMEN: my mountain
(58:04 / All) FEETMEN: is a fucking monster
(58:34 / All) I-THINK-IM-COOL: ya
(58:48 / All) CreativeLiquid: lol
(59:21 / 6) Z0O: need upgrades first
(59:31 / Allies) FEETMEN: shredder'd
(59:39 / All) ITOUCHMYSISTER.: damn that mks is tough as nails
(59:44 / All) ITOUCHMYSISTER.: 18k hp unbuffed
(59:45 / All) FEETMEN: lvl 10 heros are no fun
(59:48 / All) ITOUCHMYSISTER.: 1800*
(60:00 / 6) Z0O: mass goblin shredder
(60:06 / All) I-THINK-IM-COOL: ur shop gets no llove
(60:27 / All) I-THINK-IM-COOL: reveal da map!
(61:02 / All) ITOUCHMYSISTER.: purple and orange ifyou're here, talk to me baby!
(61:10 / All) FEETMEN: pupr is cool
(62:21 / All) ITOUCHMYSISTER.: those golems need to be nerfed
(62:30 / All) I-THINK-IM-COOL: agreed
(62:32 / All) FEETMEN: for sure
(62:36 / All) FEETMEN: they dont even drop items
(62:54 / Allies) I-THINK-IM-COOL: rofl
(62:58 / Allies) I-THINK-IM-COOL: :P
(63:03 / Allies) I-THINK-IM-COOL: scroll of raise dead :D
(63:41 / All) FEETMEN: owned green
(63:45 / All) FEETMEN: OWNED
(63:57 / All) ITOUCHMYSISTER.: green what are your feelings right now
(64:14 / All) ITOUCHMYSISTER.: oops
(64:17 / All) ITOUCHMYSISTER.: purple you are killing me
(64:22 / All) ITOUCHMYSISTER.: why?
(64:49 / Allies) FEETMEN: WOOD ANYONE
(66:03 / 6) Z0O: more gold
(66:34 / Allies) FEETMEN: wood
(67:52 / 6) Z0O: more gold please if you wanna see a huge show
(68:09 / All) ITOUCHMYSISTER.: this map really needs a gob merchant shop to buy tp staffs
(68:16 / All) I-THINK-IM-COOL: i kno rite
(68:16 / All) FEETMEN: Boots of speed
(68:17 / All) I-THINK-IM-COOL: -_-
(68:18 / All) FEETMEN: :(
(69:29 / All) FEETMEN: bad spot to afk
(69:31 / All) FEETMEN: for this green bloke
(69:37 / All) ITOUCHMYSISTER.: i feel like watching lord of the rings, and yea it is
(70:00 / All) ITOUCHMYSISTER.: you are naughty purple
(70:15 / All) FEETMEN: wow
(70:19 / All) FEETMEN: I had an idle shredder
(70:23 / All) FEETMEN: this whole fucking time
(70:26 / All) FEETMEN: no wonder i have no wood
(70:32 / All) ITOUCHMYSISTER.: there needs to be an icon to let you know of idle shredders
(70:38 / All) FEETMEN: seriously
(71:43 / All) ITOUCHMYSISTER.: feed me 3 levels for robo tinker somebody please
(72:19 / Allies) FEETMEN: let me go to lab
(72:24 / Allies) I-THINK-IM-COOL: ok
(72:25 / Allies) I-THINK-IM-COOL: lol
(73:06 / 6) Z0O: you gonna win this?
(73:07 / All) FEETMEN: this map really is amazing
(73:16 / All) FEETMEN: for non standard play
(73:39 / All) ITOUCHMYSISTER.: when i first played on it, i had no clue of the structure, it can be confusing if you look at mini map
(73:58 / All) ITOUCHMYSISTER.: did you guys kill orange and purple off the bat?
(74:04 / All) FEETMEN: well
(74:07 / All) FEETMEN: purp is nightelf
(74:16 / All) FEETMEN: and i killed him with my first five peasants
(74:16 / All) FEETMEN: so
(74:31 / Allies) FEETMEN: that mine is open purp
(74:41 / 6) Z0O: no gold
(74:46 / All) ITOUCHMYSISTER.: poor guy
(74:56 / 6) Z0O: ty
(75:10 / Allies) FEETMEN: just take that mine
(75:11 / Allies) FEETMEN: and do w/e
(75:42 / All) FEETMEN: wow
(75:47 / All) FEETMEN: our mains mined out soon
(75:48 / All) FEETMEN: Lmao
(76:16 / All) I-THINK-IM-COOL: I AM TAKING OVA!
(76:17 / All) I-THINK-IM-COOL: LOL
(78:58 / All) ITOUCHMYSISTER.: i actually won a game hiding shit on that legdge before
(80:37 / All) I-THINK-IM-COOL: damn dis game has been like 4 hrs
(80:38 / Allies) I-THINK-IM-COOL: LOL
(80:59 / All) FEETMEN: its been quite the journey
(81:23 / All) FEETMEN: uh oh
(82:12 / All) FEETMEN: whats this green fellow up to
(82:27 / All) ITOUCHMYSISTER.: i think hes a-f-k
(82:32 / All) ITOUCHMYSISTER.: 30k
(82:40 / Allies) I-THINK-IM-COOL: its a maze
(82:43 / All) ITOUCHMYSISTER.: 22k wood
(82:57 / All) FEETMEN: damn
(83:03 / 6) Z0O: im going
(83:06 / 6) Z0O: cya
(83:12 / Allies) FEETMEN: later
(83:13 / Allies) Z0O: cya
(83:17 / All) Z0O: cyas
(83:22 / All) Z0O: put it on wc3 replays
(83:30 / All) Z0O: so i can watch the ending
(83:30 / All) ITOUCHMYSISTER.: you going to ban us?
(83:32 / All) Z0O: who wins
(83:36 / All) FEETMEN: nah purps cool
(83:39 / All) ITOUCHMYSISTER.: how do you know who will win?
(83:40 / All) FEETMEN: it was orange who was all anal
(83:42 / All) Z0O: wtf?
(83:51 / All) Z0O: how can i ban you?
(83:54 / All) ITOUCHMYSISTER.: if purple leaves now, how is he going to know what the end result is
(84:01 / All) FEETMEN: he asked to put on replay site
(84:02 / All) Z0O: WCREPLAYS
(84:03 / All) FEETMEN: so he could watch
(84:05 / All) Z0O: can you read
(84:06 / All) ITOUCHMYSISTER.: ohh
(84:10 / All) Z0O: kk cya
(84:22 / All) FEETMEN: he was quite the fighter
(84:29 / All) FEETMEN: I like that
(84:40 / All) ITOUCHMYSISTER.: damn greens sapper is still there to the left of your base
(84:43 / All) ITOUCHMYSISTER.: by purples shredder
(84:54 / All) ITOUCHMYSISTER.: that shit has been there since our last big fight there
(85:01 / All) I-THINK-IM-COOL: rofl
(85:12 / All) ITOUCHMYSISTER.: he is a true warrior
(85:25 / All) I-THINK-IM-COOL: wat a summon battle
(85:48 / All) FEETMEN: hmm
(85:55 / All) ITOUCHMYSISTER.: id have to buy stuff from the shops
(85:59 / All) FEETMEN: I may go to sleep
(86:15 / All) FEETMEN: and leave the game on
(86:34 / All) ITOUCHMYSISTER.: i trust your judgement you are a great man
(86:43 / All) ITOUCHMYSISTER.: may you have a dream of george w bush
(86:50 / All) I-THINK-IM-COOL: rofl
(86:56 / All) ITOUCHMYSISTER.: damn i ddint even notice your shops
(87:01 / All) I-THINK-IM-COOL: LOL
(87:13 / All) FEETMEN: if green or orange wants to come back and try to win
(87:16 / All) FEETMEN: they deserve it
(87:23 / All) ITOUCHMYSISTER.: seriously
(87:42 / All) I-THINK-IM-COOL: i seriously doubt dey cud
(87:47 / All) I-THINK-IM-COOL: even if i was afk O.o
(87:56 / All) I-THINK-IM-COOL: wata 6 hr win it wud be
(87:59 / All) FEETMEN: im gonna kill all his production buildings
(88:14 / All) I-THINK-IM-COOL: lol dats wat i was doing
(88:15 / All) I-THINK-IM-COOL: :D
(88:25 / All) FEETMEN: leave his hall though
(88:29 / All) FEETMEN: HES BACK
(88:30 / All) I-THINK-IM-COOL: ofc
(88:31 / All) I-THINK-IM-COOL: :D
(88:36 / All) FEETMEN: HI GREEN
(88:38 / All) I-THINK-IM-COOL: ius he?
(88:42 / All) FEETMEN: ya
(88:45 / All) ITOUCHMYSISTER.: how doyou know hes bakc
(88:49 / All) FEETMEN: building peasants
(88:50 / All) I-THINK-IM-COOL: hes making peasant
(88:56 / All) ITOUCHMYSISTER.: oh wow
(89:05 / All) FEETMEN: true warrior
(89:34 / All) FEETMEN: i think im gonna kill his hall and leave only the sanctum
(89:43 / All) ITOUCHMYSISTER.: and ill give him control of just my heros
(89:51 / All) FEETMEN: nah he cant do it
(90:03 / All) FEETMEN: too many towers lol
(90:25 / All) I-THINK-IM-COOL: infernal need neref
(90:27 / All) FEETMEN: dude hes got another hall!
(90:28 / All) ITOUCHMYSISTER.: i need to spam reveal all your towers, my team literally didn't scout anything
(90:29 / All) FEETMEN: what a baller
(91:39 / All) ITOUCHMYSISTER.: i wonder who will win the resource battle
(91:45 / All) ITOUCHMYSISTER.: and buildigns produced
(91:54 / All) FEETMEN: ive got resources fosho
(92:02 / All) FEETMEN: ive been at 50 food
(92:04 / All) FEETMEN: whole time loll
(92:09 / All) I-THINK-IM-COOL: LOL
(92:11 / All) I-THINK-IM-COOL: oh
(92:13 / All) I-THINK-IM-COOL: u got it den
(92:18 / All) ITOUCHMYSISTER.: your hero literally killed pinks entire army like 5 different times
(92:18 / All) I-THINK-IM-COOL: and u got buildings
(92:28 / All) FEETMEN: my hero doesnt fuck around
(92:33 / All) FEETMEN: mk with 2 sobi masks such lol
(92:52 / All) ITOUCHMYSISTER.: green is expoing at my main base, whose gold mine is depleted
(92:56 / All) ITOUCHMYSISTER.: i killed my main hall
(93:01 / All) ITOUCHMYSISTER.: no idea what he is doing
(93:25 / All) CreativeLiquid: Have fun getting banned bsers :D
(93:35 / All) FEETMEN: what a fucking quitter
(93:38 / All) I-THINK-IM-COOL: ROFL
(93:42 / All) I-THINK-IM-COOL: GETTING BANNED
(93:56 / All) I-THINK-IM-COOL: we actually helped our team
(94:00 / All) I-THINK-IM-COOL: so it doesnt matter
(94:05 / All) FEETMEN: lol
(94:09 / All) FEETMEN: yeah
(94:10 / All) ITOUCHMYSISTER.: yea i didnt stap either
(94:18 / All) FEETMEN: fast expo is a viable strat
(94:22 / All) FEETMEN: that guys on crack
(94:23 / All) I-THINK-IM-COOL: ya
(94:27 / All) ITOUCHMYSISTER.: woah blue is still here
(94:30 / All) FEETMEN: everyone knows this map is the best fast expo map
(94:34 / All) I-THINK-IM-COOL: u gotta bs every once n a while
(94:39 / All) I-THINK-IM-COOL: bnet will appreicate dis
(94:51 / All) FEETMEN: they are gonna open it
(94:53 / All) FEETMEN: be like
(94:56 / All) FEETMEN: 6 HOUR REPLAY FUCK THAT
(95:01 / All) FEETMEN: *delete*
(95:08 / All) ITOUCHMYSISTER.: rape
(95:24 / All) FEETMEN: ancient of wars are pretty good at killing buildings
(95:25 / All) I-THINK-IM-COOL: if not six
(95:27 / All) I-THINK-IM-COOL: cloe to it
(96:05 / All) ITOUCHMYSISTER.: i actually build a few hundred undead shops and left my opponent with just an ancient of war before, he killed about 50 shops
(96:08 / All) ITOUCHMYSISTER.: before he quit
(96:22 / All) I-THINK-IM-COOL: ya
(96:27 / All) I-THINK-IM-COOL: so we r gud i think
(96:32 / All) I-THINK-IM-COOL: and
(96:34 / All) I-THINK-IM-COOL: not to mention
(96:37 / All) I-THINK-IM-COOL: we won da game
(96:42 / All) I-THINK-IM-COOL: we didnt lose on purpose
(97:24 / All) I-THINK-IM-COOL: wata army dis is
(97:32 / All) ITOUCHMYSISTER.: dont go to bed just yet, want to show one thing real quick if you're dazing off
(97:33 / All) I-THINK-IM-COOL: mb bolt
(99:12 / All) FEETMEN: nice cross
(99:17 / All) I-THINK-IM-COOL: oh some good summons apppeard
(101:35 / All) ITOUCHMYSISTER.: turncoat would be proud
(102:03 / All) ITOUCHMYSISTER.: you guys have to be approaching at least 100k gold
(102:08 / All) FEETMEN: 110k
(102:17 / All) ITOUCHMYSISTER.: i know i had 190k on this map with yahoo.com.com
(103:18 / All) I-THINK-IM-COOL: im almost outa gold
(103:23 / All) ITOUCHMYSISTER.: green has enough to revive his hero and get some griffs, i would honestly respect him if he managed to win this
(105:00 / All) ITOUCHMYSISTER.: when my internet wasn't working a few months ago, i actually tried to do this same thing on this map, but with farms,
(105:02 / All) ITOUCHMYSISTER.: it was folly
(108:35 / All) ITOUCHMYSISTER.: nice
(108:44 / All) I-THINK-IM-COOL: :D
(109:06 / All) I-THINK-IM-COOL: i got 3 mines left
(109:11 / All) I-THINK-IM-COOL: :(
(109:31 / All) ITOUCHMYSISTER.: im sitting on 36k
(109:54 / All) I-THINK-IM-COOL: i expod all dem early tho lol
(110:12 / All) ITOUCHMYSISTER.: green got cocky but hes a nice guy
(110:18 / All) I-THINK-IM-COOL: lol ya
(110:25 / All) ITOUCHMYSISTER.: he didn't bitch when i stole his item or started massing my first 30 shops
(110:46 / All) ITOUCHMYSISTER.: you done with those farms?
(110:50 / All) ITOUCHMYSISTER.: im going to put critters up there
(111:12 / All) FEETMEN: theres not too much room
(111:20 / All) I-THINK-IM-COOL: ROFL
(111:26 / All) I-THINK-IM-COOL: A BURNING CROSS
(111:34 / All) I-THINK-IM-COOL: lol i jus noticed
(111:39 / All) ITOUCHMYSISTER.: owned
(111:55 / All) ITOUCHMYSISTER.: i showed it to a blizzard poster on the bnet forums and he said something like "lol"
(112:08 / All) I-THINK-IM-COOL: lol
(113:03 / All) ITOUCHMYSISTER.: can i drop them here
(113:14 / All) FEETMEN: where
(113:25 / All) ITOUCHMYSISTER.: far left of the ledge
(113:28 / All) FEETMEN: idc
(113:30 / All) ITOUCHMYSISTER.: by purps zeplin
(114:20 / All) ITOUCHMYSISTER.: i didnt think the critters would block my landing area, thatsg ay
(115:19 / All) FEETMEN: i wish one on my team stayed and tried to win
(115:25 / All) ITOUCHMYSISTER.: i know
(118:53 / All) I-THINK-IM-COOL: one mine left
(118:56 / All) I-THINK-IM-COOL: wit 3k
(120:41 / All) ITOUCHMYSISTER.: i dont think i've ever seen that with the aow's, took screenshot
(120:46 / All) FEETMEN: did you know an uprooted tree of life takes up the same amount of space as a guard tower
(121:29 / All) ITOUCHMYSISTER.: i doubt that
(121:36 / All) FEETMEN: do you?
(121:40 / All) ITOUCHMYSISTER.: i don't believe it
(121:46 / All) FEETMEN: reveal bottom right
(121:59 / All) ITOUCHMYSISTER.: wow...
(122:00 / All) ITOUCHMYSISTER.: hasha
(122:07 / All) ITOUCHMYSISTER.: thats amazing
(130:21 / All) ITOUCHMYSISTER.: needless to say, if i want to mass critters i dont have to wait for the critter cooldown from shops
(138:56 / All) ITOUCHMYSISTER.: i wonder if green can still make peasants from his hall engulfed like that
(139:06 / All) FEETMEN: lol
(139:11 / All) FEETMEN: he can but they have to break free
(139:45 / All) ITOUCHMYSISTER.: thats pretty epic
(140:32 / All) ITOUCHMYSISTER.: im trying to set the record for most critters inside a square radius of 20 blacksmiths
(140:38 / All) FEETMEN: lmao
(142:01 / All) FEETMEN: well i think im going to sleep
(142:10 / All) ITOUCHMYSISTER.: sleep tight
(142:13 / All) FEETMEN: u2
(142:14 / All) FEETMEN: <3